 Dungeon Crawl Stone Soup version 0.26-a0-611-g354ed81502 (webtiles) character file.

Game seed: 8252391799194349174

2359 DarkMoon the Thaumaturge (level 9, -12/65 HPs)
             Began as a Mummy Hedge Wizard on Sept 7, 2020.
             Was a Follower of Kikubaaqudgha.
             Mangled by Harold the shock serpent (glowing shapeshifter) (13 damage)
             ... on level 7 of the Dungeon.
             The game lasted 00:34:24 (9535 turns).

DarkMoon the Thaumaturge (Mummy Hedge Wizard)       Turns: 9535, Time: 00:34:26

Health: -12/65     AC:  8    Str: 19    XL:     9   Next: 20%
Magic:  30/30      EV: 12    Int: 16    God:    Kikubaaqudgha [*.....]
Gold:   69         SH:  0    Dex: 12    Spells: 7/24 levels left

rFire    x . .     SeeInvis .   a - +3 quarterstaff (chaos)
rCold    + + .     Faith    .   (shield currently unavailable)
rNeg     + + +     Spirit   .   u - +2 robe {rC+}
rPois    ∞         Reflect  .   n - +0 helmet
rElec    .         Harm     .   D - +2 cloak {MR+}
rCorr    .                      (no gloves)
MR       ++...                  (no boots)
Stlth    ++........             t - amulet of magic regeneration
HPRegen  0.20/turn              y - ring of magical power
MPRegen  0.47/turn              e - +6 ring of strength

@: no status effects
A: no potions, fire vulnerability, cold resistance 1, negative energy resistance
3, torment resistance, unbreathing
a: Receive Corpses, Renounce Religion


You were on level 7 of the Dungeon.
You worshipped Kikubaaqudgha.
Kikubaaqudgha was aware of your devotion.
You visited 2 branches of the dungeon, and saw 8 of its levels.
You also visited: Ossuary.

You collected 369 gold pieces.
You spent 300 gold pieces at shops.

Inventory:

Hand Weapons
 a - a +3 quarterstaff of chaos (weapon)
 d - a +1 mace of protection
 l - the cursed +3 flail of Impatience {antimagic, *Rage Str+6}
   (You found it on level 5 of the Dungeon)

   It reduces the magical energy of the wielder, and disrupts the spells and
   magical abilities of those hit.
   Natural abilities and divine invocations are not affected.
   It affects your strength (+6).
   It may make you go berserk in combat.
   It has a curse placed upon it.
 q - a +0 hunting sling
 r - a +0 whip of freezing
 s - a +4 mace
Missiles
 j - 19 sling bullets
 p - 9 boomerangs
 B - 3 curare-tipped darts
 C - 199 stones (quivered)
 E - a throwing net
Armour
 n - a +0 helmet (worn)
 u - a +2 robe of cold resistance (worn)
 D - a +2 cloak of magic resistance (worn)
Jewellery
 e - a +6 ring of strength (right hand)
 t - an amulet of magic regeneration (around neck)
 v - an uncursed ring of protection from fire
 y - a ring of magical power (left hand)
Wands
 z - a wand of disintegration (5)
Scrolls
 b - a scroll of fog
 c - 2 scrolls of enchant armour
 f - 2 scrolls of noise {unknown}
 g - a scroll of magic mapping {unknown}
 h - 3 scrolls of enchant weapon
 i - 3 scrolls of remove curse
 k - a scroll of fear {unknown}
 m - a scroll of amnesia {unknown}
 o - 2 scrolls of blinking {unknown}
 w - 2 scrolls of random uselessness {unknown}
 x - a scroll of identify
 A - a scroll of teleportation {unknown}


   Skills:
 - Level 4.0 Fighting
 - Level 2.0 Dodging
 - Level 2.0 Stealth
 + Level 8.3 Spellcasting
 - Level 3.0 Conjurations
 + Level 4.4 Hexes
 - Level 2.0 Summonings
 + Level 4.2 Necromancy
 - Level 2.0 Translocations
 - Level 2.0 Ice Magic
 - Level 3.0 Air Magic


You had 7 spell levels left.
You knew the following spells:

 Your Spells              Type           Power        Failure   Level
a - Magic Dart            Conj           ###.         3%          1
b - Corona                Hex            ###....      1%          1
c - Ensorcelled Hibernat  Hex/Ice        ###...       4%          2
d - Tukima's Dance        Hex            ###.....     5%          3
e - Vampiric Draining     Necr           ###.......   6%          3
i - Call Imp              Summ           ##......     8%          2
k - Blink                 Tloc           N/A          8%          2
m - Mephitic Cloud        Conj/Pois/Air  ##......     14%         3

Your spell library contained the following spells:

 Spells                   Type           Power        Failure   Level
 Animate Skeleton         Necr           ###...       1%          1
 Pain                     Necr           ###.         1%          1
 Slow                     Hex            ###.....     2%          2
 Corpse Rot               Necr/Air       N/A          3%          2
 Confusing Touch          Hex            ###.....     5%          3
 Dazzling Flash           Conj/Hex       ###...       7%          3
 Conjure Flame            Conj/Fire      ##......     19%         3


Dungeon Overview and Level Annotations

Branches:
Dungeon (7/15)             Temple (1/1) D:4         Ossuary (visited)

Altars:
Ashenzari
Cheibriados
Dithmenos
Fedhas
Gozag
Hepliaklqana
Kikubaaqudgha
Makhleb
Nemelex Xobeh
Okawaru
Uskayaw
Vehumet
Xom
Yredelemnul
Zin
Beogh

Shops:
D:5 =

Annotations:
D:7 Harold


Innate Abilities, Weirdness & Mutations

You do not drink.
Your flesh is vulnerable to fire.
You are immune to poison.
Your flesh is cold resistant. (rC+)
You are immune to negative energy. (rN+++)
You are immune to unholy pain and torment.
You can survive without breathing.


Message History

Harold touches you.
You barely miss Harold.
Harold is heavily wounded.
Harold the water nymph changes into a sea snake!
You barely miss Harold.
Harold is lightly wounded.
Harold the sea snake changes into a shock serpent!
You sock Harold!
Harold is lightly wounded.
Harold's electric aura discharges, shocking you!
Harold bites you. Harold shocks you!
You thump Harold! You freeze Harold.
Harold is heavily wounded.
Harold's electric aura discharges, shocking you!
* * * LOW HITPOINT WARNING * * *
Harold bites you but does no damage. Harold bites you!
* * * LOW HITPOINT WARNING * * *
Harold shocks you!
You die...
Kikubaaqudgha rasps: "You have failed me!
Welcome... oblivion!"

#......#.#####..###.....
#.......................
#...#..#........###.....
#...#..########[# ######
#####..# #)# #..# #.#
#..# #.#
#..########.####
#>.@Szzzz.......
#..####5....## #..#
#.....# #..# #.....#
#.........#.#
.......##.# # ##......
.. ######. ##. #. 5.


You could see Harold the shock serpent shaped shifter, 4 wights and a white imp.

Vanquished Creatures
  Pikel (D:5)
  A hippogriff (D:7)
  Sigmund (D:5)
  2 wraiths (Ossuary)
  3 ogres
  A phantom (D:6)
  3 lemures (D:5)
  An elf zombie (D:6)
  Blork the orc (D:6)
  2 bullfrogs
  3 wights
  A bullfrog zombie (D:5)
  3 orc priests
  Crazy Yiuf (D:6)
  2 hounds
  An iguana (D:6)
  An orc wizard (D:3)
  3 worker ants
  A hound skeleton (D:6)
  A worker ant zombie (D:6)
  Robin (D:2)
  11 adders
  2 adder zombies (Ossuary)
  3 worms
  9 leopard geckos
  7 orcs
  3 ball pythons
  2 giant cockroaches
  14 goblins
  7 hobgoblins
  6 jackals
  7 quokkas
  A ball python skeleton (Ossuary)
  11 bats
  4 frilled lizards
  A giant cockroach zombie (D:6)
  A hobgoblin skeleton (Ossuary)
  3 hobgoblin zombies (Ossuary)
  9 kobolds
  A leopard gecko skeleton (D:4)
  2 orc skeletons
  2 orc zombies
  7 rats
147 creatures vanquished.

Vanquished Creatures (collateral kills)
  A phantom (D:5)
  An elf skeleton (D:6)
  A hound (D:4)
  2 human skeletons (D:6)
  An iguana (D:4)
  2 adders
  2 goblins
  2 hobgoblins
  A jackal (D:2)
  A rat (D:2)
14 creatures vanquished.

Vanquished Creatures (others)
  A dancing weapon (D:7)
  17 plants
18 creatures vanquished.

Grand Total: 179 creatures vanquished

Notes
Turn   | Place    | Note
-------+----------+-------------------------------------------
     0 | D:1      | DarkMoon the Mummy Hedge Wizard began the quest for the
                  | Orb.
     0 | D:1      | Reached XP level 1. HP: 13/13 MP: 5/5
   455 | D:1      | Reached skill level 1 in Conjurations
   624 | D:1      | Reached XP level 2. HP: 17/20 MP: 7/7
   677 | D:1      | Learned a level 2 spell: Blink
   680 | D:1      | Learned a level 2 spell: Call Imp
  1203 | D:1      | Reached skill level 1 in Fighting
  1571 | D:1      | Reached XP level 3. HP: 26/26 MP: 8/8
  1736 | D:2      | Learned a level 3 spell: Mephitic Cloud
  1964 | D:2      | Reached skill level 1 in Translocations
  2070 | D:2      | Reached skill level 1 in Summonings
  2084 | D:2      | Reached XP level 4. HP: 32/32 MP: 10/10
  2318 | D:2      | Found a hazy altar of Hepliaklqana.
  2322 | D:2      | Noticed Robin
  2948 | D:2      | Killed Robin
  3118 | D:2      | Noticed an angel
  3119 | D:2      | Found a glowing silver altar of Zin.
  3268 | D:3      | Reached skill level 5 in Spellcasting
  3268 | D:3      | Reached skill level 1 in Air Magic
  3417 | D:3      | Reached XP level 5. HP: 37/37 MP: 12/12
  3465 | D:3      | HP: 1/37 [orc priest/divine providence (13)]
  4660 | D:3      | Found an iron altar of Okawaru.
  4842 | D:3      | Found a roughly hewn altar of Beogh.
  4864 | D:3      | Reached XP level 6. HP: 22/43 MP: 2/14
  5129 | D:3      | Learned a level 1 spell: Corona
  5132 | D:3      | Learned a level 2 spell: Ensorcelled Hibernation
  5325 | D:4      | Found a sparkling altar of Nemelex Xobeh.
  5463 | D:4      | Reached skill level 1 in Hexes
  5722 | D:4      | Reached XP level 7. HP: 31/48 MP: 10/15
  5847 | D:4      | Found a staircase to the Ecumenical Temple.
  5856 | Temple   | Entered the Ecumenical Temple
  5951 | Temple   | Became a worshipper of Kikubaaqudgha
  5987 | D:4      | Found a shadowy altar of Dithmenos.
  6169 | D:5      | Entered Level 5 of the Dungeon
  6177 | D:5      | Got an ancient flail
  6365 | D:5      | Reached skill level 6 in Spellcasting
  6846 | D:5      | Noticed Sigmund
  6860 | D:5      | Killed Sigmund
  6961 | D:5      | Noticed Pikel
  6982 | D:5      | Killed Pikel
  6982 | D:5      | Reached skill level 1 in Ice Magic
  6982 | D:5      | Reached XP level 8. HP: 33/56 MP: 15/18
  6987 | D:5      | Learned a level 3 spell: Tukima's Dance
  7132 | D:5      | Found Epomn's Jewellery Emporium.
  7139 | D:5      | Bought an uncursed ring of magical power for 300 gold
                  | pieces
  7385 | D:6      | Identified the cursed +3 flail of Impatience {antimagic,
                  | *Rage Str+6} (You found it on level 5 of the Dungeon)
  7669 | D:6      | Reached skill level 7 in Spellcasting
  7671 | D:6      | Found a sand-covered staircase.
  7685 | Ossuary  | Entered an ossuary
  7838 | Ossuary  | Noticed a flying skull
  7909 | Ossuary  | Noticed a flying skull
  7911 | Ossuary  | Noticed a flying skull
  8120 | Ossuary  | Noticed a flying skull
  8339 | Ossuary  | Noticed a flying skull
  8412 | D:6      | Reached * piety under Kikubaaqudgha
  8412 | D:6      | Identified Kikubaaqudgha's Incunabulum of Unholy Secrets
                  | (Kikubaaqudgha gifted it to you on level 6 of the Dungeon)
  8412 | D:6      | Received a gift from Kikubaaqudgha
  8418 | D:6      | Learned a level 3 spell: Vampiric Draining
  8502 | D:6      | Found a radiant altar of Vehumet.
  8509 | D:6      | Found an opulent altar of Gozag.
  8693 | D:6      | Reached XP level 9. HP: 53/65 MP: 20/20
  8877 | D:6      | Noticed Blork the orc
  8887 | D:6      | Killed Blork the orc
  8938 | D:6      | Found a runed translucent door.
  8939 | D:6      | Noticed Crazy Yiuf
  9275 | D:6      | Killed Crazy Yiuf
  9369 | D:7      | Reached skill level 8 in Spellcasting
  9505 | D:7      | Noticed Harold
  9520 | D:7      | Noticed Harold
  9520 | D:7      | Harold changed into Harold the glowing shapeshifter
  9520 | D:7      | Noticed Harold
  9520 | D:7      | Harold the glowing shapeshifter changed into Harold the
                  | water nymph
  9524 | D:7      | Harold the water nymph changed into Harold the swamp worm
  9530 | D:7      | Noticed Harold
  9530 | D:7      | Harold the swamp worm changed into Harold the water nymph
  9532 | D:7      | Noticed Harold
  9532 | D:7      | Harold the water nymph changed into Harold the sea snake
  9533 | D:7      | Noticed Harold
  9533 | D:7      | Harold the sea snake changed into Harold the shock serpent
  9535 | D:7      | HP: 1/65 [Harold the shock serpent (glowing shapeshifter)
                  | (13)]
  9535 | D:7      | Mangled by Harold the shock serpent (glowing shapeshifter)

Illustrated notes

Levels and vault maps discovered:
D:1:      dpeg_arrival_refuge, layout_basic, lexackson_kobold_supper
D:2:      layout_rooms, old_standard_altar, zin_angel, minmay_tetromino_o4,
          uniq_robin
D:3:      layout_basic, marbit_many_paths, kennysheep_orc_chapel
D:4:      layout_cave_pools, lemuel_doored_altar,
          minmay_temple_entry_gardened_gates, nemelex_diamond_rough_becter
D:5:      layout_loops_ring, serial_shops, shop, uniq_pikel, uniq_sigmund
D:6:      layout_loops_ring, kennysheep_little_box,
          nicolae_overflow_hidden_temple, nicolae_ossuary_entry_catacombs,
          nicolae_gozag_seed_capital, uniq_blork_the_orc,
          uniq_crazy_yiuf_cottage
D:7:      layout_basic, tso_oasis_becter, uniq_harold
Temple:   dpeg_three_leaves_temple

Skill      XL: |  1  2  3  4  5  6  7  8  9 |
---------------+----------------------------+-----
Conjurations   | 1 2 3 |  3.0
Fighting       | 1 2 3 4 |  4.0
Dodging        | 2 |  2.0
Stealth        | 2 |  2.0
Translocations | 1 2 |  2.0
Summonings     | 1 2 |  2.0
Spellcasting   | 5 6 7 8 |  8.3
Air Magic      | 1 2 3 |  3.0
Hexes          | 2 3 4 |  4.4
Necromancy     | 2 3 4 |  4.2
Ice Magic      | 1 2 |  2.0

Action                   |  1- 3 |  4- 6 |  7- 9 || total
-------------------------+-------+-------+-------++-------
Melee: Mace              |   103 |   243 |   216 ||   562
       Quarterstaff      |       |       |    29 ||    29
 Cast: Magic Dart        |    18 |       |       ||    18
       Blink             |     1 |     3 |     4 ||     8
       Call Imp          |     5 |    10 |    19 ||    34
       Mephitic Cloud    |       |     5 |    15 ||    20
       Ensorcelled Hiber |       |     1 |       ||     1
       Tukima's Dance    |       |       |     7 ||     7
Evoke: Wand              |       |       |     2 ||     2
  Use: Scroll            |       |       |     6 ||     6
 Stab: Sleeping          |     3 |     7 |     5 ||    15
       Confused          |       |     2 |     7 ||     9
       Distracted        |       |       |     1 ||     1
       Petrified         |       |       |     4 ||     4
       Petrifying        |       |       |     1 ||     1
Armor: Robe              |    49 |    98 |    67 ||   214
Dodge: Dodged            |    97 |   228 |   128 ||   453

Table legend: (Time is in decaauts)
 A = Elapsed time spent in this place.
 B = Non-inter-level travel time spent in this place.
 C = Inter-level travel time spent in this place.
 D = Time resting spent in this place.
 E = Time spent auto-exploring this place.
 F = Levels seen in this place.
 G = Mean time per level.
                   A        B        C        D        E       F      G
               +--------+--------+--------+--------+--------+-----+--------+
         Total |   9806 |   9557 |    249 |      2 |   7497 |   9 | 1089.6 |
       Dungeon |   8935 |   8725 |    210 |      2 |   6961 |   7 | 1276.4 |
        Temple |    108 |     69 |     39 |      0 |     67 |   1 |  108.0 |
       Ossuary |    761 |    761 |      0 |      0 |    469 |   1 |  761.0 |
               +--------+--------+--------+--------+--------+-----+--------+

Top non-repeatable levels by time:
     D:1: 2180 daAuts
     D:2: 1606 daAuts
     D:6: 1481 daAuts
     D:3: 1479 daAuts
     D:5: 1072 daAuts
     D:4: 939 daAuts
 Ossuary: 761 daAuts
     D:7: 176 daAuts
  Temple: 108 daAuts
